Map: Oxide LE

Players

HeroMarine - Winner!

  • Race: Terran Terran
  • League: Master

milkicow

  • Race: Terran Terran
  • League: Grandmaster

Event: DreamHack SC2 Masters 2021 Summer

VOD

Have the link to the VOD?

Description

Time

  • Played on: May 22, 2021, 2:43 p.m.
  • Length: 11:32

All games in this series

Show
View Real Time Build Order
Export as new Build Order

HeroMarine Terran - Winner!

Build Orders:  

Get SALT Encoding   

  12  0:00  SCV  
  13  0:12  SCV  
  14  0:16  Supply Depot  
  14  0:24  SCV  
  15  0:38  SCV  
  15  0:40  Barracks  
  16  0:43  Refinery  
  16  0:50  SCV  
  16  0:53  Refinery  
  17  1:02  SCV  
  18  1:14  SCV  
  19  1:27  Orbital Command, Reaper  
  19  1:29  Supply Depot  
  20  1:41  Factory  
  20  1:52  SCV  
  21  1:59  Reaper  
  22  2:04  SCV  
  23  2:16  Command Center  
  23  2:18  SCV  
  24  2:24  Hellion  
  26  2:30  SCV  
  26  2:31  Barracks Reactor  
  26  2:36  Supply Depot  
  27  2:42  SCV  
  28  2:44  Starport  
  28  2:48  Widow Mine  
  30  2:54  SCV  
  30  3:06  SCV  
  30  3:11  Factory Tech Lab, Marine x2  
  33  3:18  SCV  
  34  3:27  Orbital Command  
  34  3:29  Starport Tech Lab  
  34  3:31  Refinery, SCV, Cyclone  
  34  3:33  Marine  
  39  3:37  Marine  
  40  3:43  SCV  
  41  3:50  Raven  
  41  3:53  SCV  
  41  3:55  SCV  
  45  3:56  Marine  
  45  3:57  Marine  
  45  4:02  Supply Depot  
  47  4:05  SCV  
  47  4:07  SCV  
  47  4:08  Siege Tank  
  52  4:14  Marine x2  
  54  4:23  SCV x2  
  56  4:25  Supply Depot  
  54  4:32  Raven, Marine x2  
  54  4:35  SCV x2  
  56  4:47  SCV x2  
  56  4:49  Siege Tank  
  61  4:54  Command Center  
  61  4:58  Supply Depot  
  62  5:00  SCV x2  
  62  5:06  Supply Depot  
  65  5:12  Refinery, SCV x2  
  65  5:21  Siege Tank  
  65  5:24  SCV x2  
  65  5:27  Viking  
  65  5:28  Viking  
  74  5:30  Marine  
  74  5:34  Stimpack  
  75  5:36  SCV x2  
  77  5:47  Barracks  
  77  5:48  SCV x2, Barracks, Marine  
  80  5:53  Siege Tank  
  83  5:57  Viking  
  83  6:01  SCV  
  86  6:06  SCV  
  86  6:07  Orbital Command  
  86  6:08  Marine  
  88  6:13  SCV  
  88  6:14  Engineering Bay x2  
  88  6:17  Viking  
  88  6:18  SCV  
  92  6:26  SCV  
  92  6:30  Orbital Command, SCV  
  92  6:32  Viking  
  96  6:34  Siege Tank  
  96  6:38  SCV  
  96  6:39  Supply Depot  
  100  6:42  SCV  
  100  6:44  Sensor Tower  
  100  6:45  Barracks Reactor x2  
  100  6:46  Marine  
  102  6:47  Terran Infantry Weapons Level 1  
  102  6:50  SCV  
  103  6:54  SCV  
  103  6:57  SCV  
  103  6:59  Terran Infantry Armor Level 1  
  105  7:01  Supply Depot  
  105  7:02  SCV  
  105  7:05  Viking  
  105  7:06  SCV  
  109  7:09  Supply Depot  
  109  7:10  Supply Depot  
  109  7:11  SCV  
  109  7:14  SCV  
  111  7:18  SCV  
  111  7:21  Marine x2  
  111  7:26  Marine x2  
  111  7:27  Marine  
  111  7:28  Viking, Siege Tank  
  118  7:30  SCV  
  118  7:34  Barracks  
  118  7:35  Barracks  
  116  7:37  SCV x2  
  116  7:39  Marine x2  
  116  7:43  SCV  
  116  7:44  Marine x3  
  119  7:49  SCV x2  
  122  7:55  SCV  
  122  7:57  Marine x2  
  123  8:01  SCV  
  123  8:02  Marine x3  
  97  8:07  SCV  
  97  8:09  Siege Tank  
  97  8:10  Medivac  
  97  8:11  Medivac  
  92  8:14  SCV  
  92  8:15  Marine x2  
  92  8:17  Combat Shield  
  92  8:19  SCV, Marine  
  96  8:20  Marine x2  
  96  8:21  Marine  
  100  8:27  Refinery, Marine  
  100  8:28  Refinery  
  100  8:33  Armory, Marine x2  
  102  8:37  Marine x2  
  102  8:38  Marine  
  102  8:39  Marine  
  102  8:40  Medivac  
  89  8:45  Marine  
  69  8:49  Orbital Command  
  69  8:50  Marine x2  
  69  8:53  Siege Tank  
  69  8:55  Marine x2, Medivac  
  69  8:56  Marine  
  69  8:57  Marine  
  74  9:03  Marine  
  74  9:08  Marine x2  
  77  9:10  Medivac  
  77  9:13  Marine x3  
  77  9:14  Marine  
  83  9:21  Marine  
  80  9:25  Medivac  
  80  9:26  Marine x2, Siege Tank  
  80  9:31  Marine x2  
  88  9:32  Marine  
  88  9:33  Marine  
  91  9:39  Marine  
  91  9:44  Marine x2  
  94  9:48  Marine  
  94  9:49  Marine  
  94  9:50  Marine  
  94  9:51  Marine  
  94  9:52  Medivac  
  100  9:56  Marine  
  100  9:58  Siege Tank  
  104  10:02  Marine x2  
  104  10:06  Marine x2  
  107  10:08  Marine x2  
  97  10:14  Marine  
  97  10:19  Marine  
  97  10:20  Liberator, Marine  
  100  10:22  Liberator  
  100  10:24  Marine x2  
  100  10:26  Marine x2  
  107  10:30  Siege Tank  
  107  10:32  Marine  
  110  10:37  Marine x2  
  110  10:42  Marine x2  
  114  10:44  Marine x2  
  116  10:50  Marine  
  116  10:55  Marine x2  
  116  11:00  Marine x2  
  116  11:02  Marine x2  
  123  11:08  Marine  
  123  11:13  Marine x2  
Show
View Real Time Build Order
Export as new Build Order

milkicow Terran 

Build Orders: Cyclone Opening 

Get SALT Encoding   

  12  0:00  SCV  
  13  0:12  SCV  
  14  0:17  Supply Depot  
  14  0:24  SCV  
  15  0:38  SCV  
  15  0:40  Barracks  
  16  0:43  Refinery  
  16  0:50  SCV  
  16  0:52  Refinery  
  17  1:03  SCV  
  18  1:16  SCV  
  19  1:27  Reaper  
  19  1:28  Orbital Command  
  19  1:29  Supply Depot  
  20  1:40  Factory  
  20  1:53  SCV  
  21  1:59  Reaper  
  22  2:05  SCV  
  23  2:20  Command Center  
  23  2:22  SCV  
  24  2:24  Factory Tech Lab  
  24  2:31  Barracks Reactor  
  24  2:34  SCV  
  24  2:35  Supply Depot  
  25  2:43  Cyclone  
  28  2:46  SCV  
  29  2:58  SCV  
  29  3:06  Starport  
  29  3:08  Marine x2  
  31  3:16  SCV  
  31  3:17  Cyclone  
  34  3:28  SCV, Marine x2  
  34  3:30  Refinery  
  34  3:31  Orbital Command  
  37  3:40  SCV  
  38  3:42  Medivac  
  38  3:46  Marine  
  41  3:52  SCV  
  42  3:59  Siege Tank  
  42  4:00  SCV  
  46  4:04  SCV  
  46  4:05  Marine, Supply Depot  
  46  4:08  Marine  
  49  4:12  SCV, Starport Tech Lab  
  49  4:16  SCV  
  51  4:23  Marine  
  52  4:24  SCV  
  52  4:28  SCV, Marine, Supply Depot  
  52  4:30  Raven  
  55  4:36  SCV  
  56  4:40  SCV  
  56  4:42  Siege Tank  
  60  4:48  SCV  
  61  4:54  SCV, Command Center  
  61  4:55  Supply Depot  
  62  5:01  SCV  
  62  5:02  Refinery  
  62  5:06  Marine x2  
  66  5:07  SCV  
  66  5:13  SCV  
  70  5:14  Siege Tank  
  70  5:19  SCV  
  71  5:22  Raven  
  71  5:25  SCV, Supply Depot  
  71  5:26  Marine x2  
  76  5:33  SCV  
  77  5:38  SCV  
  77  5:41  Barracks x2  
  78  5:47  SCV, Siege Tank  
  78  5:48  Supply Depot  
  82  5:52  Marine x2  
  82  5:54  SCV  
  85  5:58  Engineering Bay x2  
  85  6:04  SCV  
  86  6:07  Orbital Command  
  86  6:13  SCV  
  86  6:16  SCV  
  86  6:17  Supply Depot  
  88  6:21  Stimpack, Siege Tank  
  88  6:22  Marine  
  92  6:27  Terran Infantry Armor Level 1, Terran Infantry Weapons Level 1  
  92  6:28  Viking  
  92  6:31  Orbital Command, Viking  
  96  6:34  SCV x2  
  96  6:38  Barracks Reactor x2  
  98  6:46  SCV  
  98  6:47  SCV  
  100  6:50  Marine  
  100  6:52  Barracks  
  100  6:53  Barracks  
  101  6:54  Supply Depot  
  101  6:56  SCV  
  101  6:58  SCV  
  101  6:59  SCV  
  101  7:01  Viking  
  106  7:04  Viking  
  108  7:08  SCV, Marine  
  108  7:09  Siege Tank  
  108  7:10  SCV  
  108  7:14  SCV  
  114  7:20  SCV  
  110  7:27  Marine x2  
  110  7:28  Marine  
  110  7:29  SCV  
  112  7:31  SCV  
  112  7:32  Marine x2  
  112  7:33  Refinery, Medivac  
  112  7:34  Refinery  
  117  7:40  Barracks Reactor, SCV  
  117  7:42  Barracks Reactor, SCV, Siege Tank  
  117  7:43  Armory  
  120  7:45  Marine x2  
  120  7:46  SCV  
  120  7:49  Marine  
  120  7:51  Marine  
  125  7:58  Supply Depot  
  125  7:59  Supply Depot  
  125  8:02  SCV x2  
  112  8:07  SCV  
  112  8:10  Marine  
  112  8:11  Marine x2, Medivac  
  113  8:14  SCV x2, Siege Tank  
  113  8:16  Liberator  
  113  8:19  SCV  
  120  8:26  SCV  
  120  8:27  SCV, Marine  
  121  8:28  Marine  
  121  8:29  Marine x4  
  121  8:31  SCV  
  129  8:36  Marine  
  129  8:37  Marine  
  129  8:38  SCV  
  129  8:41  SCV, Marine  
  113  8:43  SCV, Medivac  
  113  8:44  Marine  
  113  8:46  Marine x3  
  111  8:50  SCV  
  111  8:52  Marine  
  111  8:53  SCV, Siege Tank  
  111  8:55  SCV  
  118  8:59  Medivac  
  118  9:01  Terran Infantry Weapons Level 2  
  120  9:03  Combat Shield  
  120  9:04  Command Center  
  120  9:05  SCV  
  120  9:07  SCV  
  122  9:12  SCV  
  122  9:16  Marine  
  124  9:17  SCV  
  124  9:22  Marine x7  
  124  9:23  SCV  
  130  9:26  Marine  
  130  9:27  Siege Tank  
  134  9:34  Marine  
  134  9:37  Sensor Tower  
  135  9:40  Marine  
  135  9:45  Marine x2  
  133  9:48  Marine  
  133  9:49  Marine  
  133  9:51  Marine  
  131  9:53  Marine x3  
  131  9:54  Medivac  
  131  9:57  Marine  
  131  9:59  SCV  
  136  10:03  Marine x2  
  136  10:05  Medivac, Siege Tank  
  136  10:06  Marine  
  138  10:07  Orbital Command, Marine  
  138  10:09  Marine  
  138  10:11  Marine  
  138  10:12  SCV  
  138  10:13  SCV  
  125  10:15  Marine x3  
  125  10:20  Marine  
  123  10:22  Marine  
  123  10:25  SCV  
  123  10:27  Viking  
  125  10:29  Marine  
  125  10:35  Marine x2  
  124  10:36  Marine  
  124  10:37  Viking  
  124  10:40  Siege Tank  
  121  10:43  Marine  
  121  10:44  Marine  
  121  10:45  Marine  
  124  10:55  SCV  
  124  10:57  SCV, Marine  
  122  11:00  Refinery  
  123  11:07  SCV, Marine  
  119  11:12  Marine  
  119  11:14  SCV  
Tags
 
Add a new tag
Caveats
  • Supply blocks, unpowered buildings, or Contaminate may cause inaccurate times.
  • Supply counts are checked every 10 seconds.